 Dungeon Crawl Stone Soup version 0.31-a0-150-g89dc3ad700 (webtiles) character file.

Game seed: 3041956091673271384

249 qw the Trooper (level 6, -2/40 HPs)
             Began as a Gargoyle Hunter on June 8, 2023.
             Slain by an orc wizard
             ... wielding a +0 dagger
              (3 damage)
             ... on level 3 of the Dungeon.
             The game lasted 00:00:53 (1560 turns).

qw the Trooper (Gargoyle Hunter)                    Turns: 1560, Time: 00:00:53

Health: -2/40      AC: 11    Str: 15    XL:     6   Next: 12%
Magic:  6/6        EV: 11    Int:  9    God:
Gold:   101        SH:  0    Dex: 15    Spells: 5/5 levels left

rFire   . . .        Y - +1 shortbow
rCold   . . .        (shield currently unavailable)
rNeg    + + .        b - +0 ring mail
rPois   inf          f - +0 helmet
rElec   +            (no cloak)
rCorr   .            h - +0 pair of gloves
SInv    .            (no boots)
Will    .....        (no amulet)
Stlth   +            e - ring of positive energy
HPRegen 0.26/turn    (no ring)
MPRegen 0.10/turn

%: no passive effects
@: no status effects
A: sickness immunity, AC +4, negative energy resistance 1, electricity
resistance, torment resistance 1, petrification resistance
a: no special abilities


You were on level 3 of the Dungeon.
You visited 1 branch of the dungeon, and saw 3 of its levels.

You collected 101 gold pieces.


Innate Abilities, Weirdness & Mutations

You are immune to sickness and miasma.
Your stone body is resilient. (AC +4)
You are immune to poison.
You resist negative energy. (rN+)
You are resistant to electric shocks. (rElec)
You are resistant to unholy torment.
You are immune to petrification.


   Skills:
 - Level 5.3 Fighting
 + Level 5.2 Ranged Weapons
 - Level 1.7 Armour
 - Level 1.5 Dodging
 - Level 1.1 Stealth


You had 5 spell levels left.
You didn't know any spells.
Your spell library was empty.

Inventory:

Hand Weapons
 Y - a +1 shortbow (weapon)
Armour
 b - a +0 ring mail (worn)
 f - a +0 helmet (worn)
 h - a +0 pair of gloves (worn)
Jewellery
 e - a ring of positive energy (left hand)
Scrolls
 d - a scroll of identify
Potions
 a - a potion of curing {unknown}

Dungeon Overview and Level Annotations

Branches:
Dungeon (3/15)

Altars:

Annotations:
D:2 1 runed translucent door, Crazy Yiuf
D:3 Natasha


Message History

The cerulean imp hits you from afar with a +0 spear.
You shoot an arrow. The arrow closely misses the orc.
The orc hits you but does no damage. Something hits you but does no damage.
The cerulean imp hits you but does no damage.
You shoot an arrow.
The arrow hits the orc but does no damage.
The orc is almost dead.
The orc misses you. Something hits you.
The cerulean imp hits you but does no damage.
You shoot an arrow.
The arrow hits the orc but does no damage.
The orc is severely wounded.
Something hits you but does no damage. The orc barely misses you.
The cerulean imp hits you but does no damage.
Something hits you but does no damage. The orc closely misses you.
The cerulean imp closely misses you.
You shoot an arrow. The arrow hits the orc.
The orc is almost dead.
The cerulean imp disappears in a puff of smoke!
Something hits you but does no damage. The orc barely misses you.
A dart slug comes into view.
You shoot an arrow. The arrow hits the orc.
You kill the orc!
Something hits you but does no damage. Natasha misses you.
You shoot an arrow.
The arrow hits Natasha but does no damage.
You hear some strange, mumbled words.
A magic dart appears from out of thin air!
The magic dart hits you. Natasha claws you! Something completely misses you.
You shoot an arrow. The arrow barely misses Natasha.
Natasha casts a spell.
You hear some strange, mumbled words.
A magic dart appears from out of thin air!
The magic dart hits you but does no damage.
You shoot an arrow. The arrow hits Natasha.
Natasha is lightly wounded.
Natasha wildly gestures.
You feel disoriented. Natasha claws you. Something hits you.
You die...

######...~.
.#......#~.
........#~
.........#
.........# #
.......<.##.###
..)..)wJ......#
#...#)h{#.#.#...
..#.h.#@....# .
##5###....# #..
..### ... #.#
..#. .# . ##


You could see Natasha, a dart slug and an endoplasm.

Vanquished Creatures
  Sigmund (D:2)
  Jessica (D:2)
  2 adders (D:2)
  2 worms (D:2)
  7 orcs (D:3)
  2 endoplasms
  5 hobgoblins
  A ball python (D:3)
  5 bats
  3 frilled lizards (D:2)
  4 goblins
  2 kobolds (D:2)
  3 rats
38 creatures vanquished.

Notes
Turn   | Place    | Note
-------+----------+-------------------------------------------
     0 | D:1      | qw the Gargoyle Hunter began the quest for the Orb.
     0 | D:1      | Reached XP level 1. HP: 12/12 MP: 1/1
     0 | D:1      | 0 ||| qw: Version: 0.2-a-119-g7aa9181
     0 | D:1      | 0 ||| qw: Game counter: 2874
     0 | D:1      | 0 ||| qw: Always use a shield: true
     0 | D:1      | 0 ||| qw: God list: Okawaru
     0 | D:1      | 0 ||| qw: Allow faded altars: false
     0 | D:1      | 0 ||| qw: Do Orc after D:15 true
     0 | D:1      | 0 ||| qw: Do second Lair branch before Depths: true
     0 | D:1      | 0 ||| qw: Lair rune preference: random
     0 | D:1      | 0 ||| qw: Plans: Normal
     0 | D:1      | 0 ||| PLANNING D:1-11
   171 | D:1      | Reached XP level 2. HP: 17/17 MP: 2/2
   395 | D:1      | Found a faded altar of an unknown god.
   566 | D:1      | 566 ||| UPGRADING to ring of positive energy.
   567 | D:1      | 567 ||| READING scroll labelled VOADYSCHUCH.
   568 | D:1      | 568 ||| READING scroll labelled QUD ZAASTRAXT.
   569 | D:1      | 569 ||| READING scroll labelled ASSANU UKHLU.
   570 | D:1      | 570 ||| DROPPING scroll of butterflies.
   736 | D:2      | Reached XP level 3. HP: 21/21 MP: 3/3
   775 | D:2      | Noticed Sigmund
   781 | D:2      | Killed Sigmund
   782 | D:2      | Reached XP level 4. HP: 31/31 MP: 4/4
   782 | D:2      | Reached XP level 5. HP: 35/35 MP: 5/5
   904 | D:2      | 904 ||| UPGRADING to +0 helmet.
   909 | D:2      | 909 ||| UPGRADING to +0 pair of gloves.
   914 | D:2      | 914 ||| READING scroll labelled UFEOQI EJITA.
   915 | D:2      | 915 ||| DRINKING 3 silvery potions.
   949 | D:2      | 949 ||| DROPPING 2 potions of berserk rage.
  1019 | D:2      | Noticed Jessica
  1033 | D:2      | Killed Jessica
  1034 | D:2      | Reached skill level 1 in Armour
  1034 | D:2      | Reached XP level 6. HP: 40/40 MP: 6/6
  1337 | D:2      | Found a runed translucent door.
  1338 | D:2      | Noticed Crazy Yiuf
  1496 | D:2      | 1496 ||| UPGRADING to +0 ring mail.
  1506 | D:2      | 1506 ||| DROPPING +0 leather armour.
  1538 | D:3      | 1538 ||| Stepping ~*~*~tactically~*~*~ (outnumbered).
  1539 | D:3      | 1539 ||| Stepping ~*~*~tactically~*~*~ (outnumbered).
  1540 | D:3      | Noticed Natasha
  1547 | D:3      | 1547 ||| Stepping ~*~*~tactically~*~*~ (outnumbered).
  1558 | D:3      | HP: 5/40 [Natasha (8)]
  1560 | D:3      | HP: 1/40 [Natasha (5)]
  1560 | D:3      | Slain by an orc wizard

Levels and vault maps discovered:
D:1:      dpeg_arrival_another_circle, layout_basic, basic_ecumenical_altar
D:2:      layout_basic, chequers_avenue, grunt_decor_mini_mirrors, minmay_puff,
          uniq_sigmund, uniq_jessica, uniq_crazy_yiuf_cottage
D:3:      layout_rooms, chequers_serial_rivers_marsh,
          minmay_misc_feat_four_crosses, minmay_snake_closets, uniq_natasha

Skill      XL: |  1  2  3  4  5 |
---------------+----------------+-----
Ranged Weapons | 5 |  5.2
Fighting       | 5 |  5.3
Armour         | 1 |  1.7
Dodging        | |  1.5
Stealth        | |  1.1

Action                     |  1- 3 |  4- 6 || total
---------------------------+-------+-------++-------
   Fire: Shortbow          |    62 |    56 ||   118
    Use: Scroll            |     3 |     1 ||     4
         Potion            |       |     1 ||     1
 Armour: Leather armour    |     8 |     7 ||    15
         Ring mail         |       |    23 ||    23
  Dodge: Dodged            |    13 |    24 ||    37

Table legend:
 A = Non-vault XP
 B = Vault XP
 C = Vault XP percentage of total XP
 D = Non-vault monster count
 E = Vault monster count
 F = Vault count percentage of total count
                 A         B        C        D         E       F
            +---------+---------+-------+---------+---------+-------
      Total |      77 |     279 |  78.4 |      31 |       7 |  18.4
            +---------+---------+-------+---------+---------+-------
        D:1 |      12 |       0 |   0.0 |       8 |       0 |   0.0
        D:2 |      42 |     279 |  86.9 |      14 |       7 |  33.3
        D:3 |      23 |       0 |   0.0 |       9 |       0 |   0.0
            +---------+---------+-------+---------+---------+-------
